 Dungeon Crawl Stone Soup version 0.28-a0-1074-g3cb2360906 (webtiles) character file.

Game seed: 14866088544038093397

20 Lavandula the Vexing (level 2, 0/25 HPs)
             Began as a Naga Arcane Marksman on Dec 9, 2021.
             Slain by a kobold (3 damage)
             ... on level 1 of the Dungeon.
             The game lasted 00:01:03 (299 turns).

Lavandula the Vexing (Naga Arcane Marksman)          Turns: 299, Time: 00:01:04

Health: 0/25       AC:  1    Str: 10 (12) XL:     2   Next: 79%
Magic:  3/3        EV:  9    Int: 12 (13) God:
Gold:   8          SH:  0    Dex:  9 (11) Spells: 2/3 levels left

rFire   . . .      SeeInvis +   a - +0 hand crossbow
rCold   . . .      Faith    .   (no shield)
rNeg    . . .      Spirit   .   d - +0 robe
rPois   +          Reflect  .   (no helmet)
rElec   .          Harm     .   (no cloak)
rCorr   .          Rampage  .   (no gloves)
Will    .....                   (no barding)
Stlth   +.........              (no amulet)
HPRegen 0.08/turn               (no ring)
MPRegen 0.08/turn               (no ring)

@: very slow
A: AC +0, large, see invisible, deformed body, poison resistance, slowness 2,
spit poison 1, naga tail 1
a: Spit Poison


You were on level 1 of the Dungeon.
You visited 1 branch of the dungeon, and saw 1 of its levels.

You collected 8 gold pieces.

Inventory:

Hand Weapons
 a - a +0 hand crossbow (weapon)
 e - a +0 dagger
Missiles
 c - 12 bolts (quivered ammo)
Armour
 d - a +0 robe (worn)


   Skills:
 - Level 1.0 Fighting
 + Level 2.9 Crossbows
 - Level 1.5 Dodging
 - Level 1.0 Spellcasting
 - Level 3.0 Hexes


You had 2 spell levels left.
You knew the following spells:

 Your Spells              Type           Power      Damage    Failure   Level
a - Slow                  Hex            28%        N/A       9%          1

Your spell library contained the following spells:

 Spells                   Type           Power      Damage    Failure   Level
 Inner Flame              Hex/Fire       4%         N/A       43%         3
 Portal Projectile        Hex/Tloc       8%         N/A       43%         3
 Cause Fear               Hex            3%         N/A       65%         4


Dungeon Overview and Level Annotations

Branches:
Dungeon (1/15)

Altars:


Innate Abilities, Weirdness & Mutations

Your serpentine skin is tough. (AC +0)
You have supernaturally acute eyesight. (SInv)
Armour fits poorly on your strangely shaped body.
Your system is resistant to poisons. (rPois)
You cover ground very slowly.
You can spit poison.
You have a snake-like lower body.


Message History

Fire: 15 bolts
Press: ? - help, Q - select action, (/) - cycle Shift-Dir - straight line, f/p - kobold
Aim: a kobold, wielding a +0 short sword and quivering stones (53% to hit)
You shoot a bolt. The bolt hits the kobold.
The kobold is moderately wounded.
The kobold closely misses you.
The giant cockroach waves its antennae.
Fire: 14 bolts
Press: ? - help, Q - select action, (/) - cycle Shift-Dir - straight line, f/p - kobold
Aim: a kobold, wielding a +0 short sword and quivering stones (moderately wounded, 53% to hit)
You shoot a bolt. The bolt barely misses the kobold.
The bolt hits the giant cockroach.
The giant cockroach is almost dead.
You kill the giant cockroach!
A jackal comes into view.
The kobold hits you with a +0 short sword. x2
* * * LOW HITPOINT WARNING * * *
Unknown command.
Fire: 13 bolts
Press: ? - help, Q - select action, (/) - cycle Shift-Dir - straight line, f/p - kobold
Aim: a kobold, wielding a +0 short sword and quivering stones (moderately wounded, 53% to hit)
You shoot a bolt. The bolt barely misses the kobold.
The jackal barks!
The bolt hits the jackal.
The jackal is severely wounded.
You hear an angry hiss.
The kobold hits you with a +0 short sword.
* * * LOW HITPOINT WARNING * * *
Unknown command.
It was a potion of degeneration.
There was something very wrong with that liquid.
You feel weakened.
You feel dopey.
You feel clumsy.
You have got your breath back.
The kobold closely misses you.
As you read the scroll labelled NUCEIQ MUUGINO, it crumbles to dust.
It is a scroll of identify.
You don't have any unidentified items.
A jackal comes into view.
The kobold hits you with a +0 short sword.
You die...

.#..## .##..## ######
.#.#..## #....# ....#..#
#....# .#.#..## #....## #
.##...# #.....# .###
.#..#.# #.###.## ....#
##..#.####+###..###h....#
≈#..#.#.....##..@Kh(#
≈#..#.#.....+...#####
##..#.#†....#(..#
......†.....+...#
.....##.....#.#.##......#
#....##.....#....#......#
#######.....###..#......
#.....# #..#....# #.....#
#..+....+


You could see 2 jackals and a kobold.

Vanquished Creatures
  2 ball pythons (D:1)
  2 bats (D:1)
  2 endoplasms (D:1)
  2 giant cockroaches (D:1)
  3 goblins (D:1)
  2 hobgoblins (D:1)
  A quokka (D:1)
  A frilled lizard (D:1)
  A rat (D:1)
16 creatures vanquished.

Notes
Turn   | Place    | Note
-------+----------+-------------------------------------------
     0 | D:1      | Lavandula the Naga Arcane Marksman began the quest for the
                  | Orb.
     0 | D:1      | Reached XP level 1. HP: 18/18 MP: 2/2
    26 | D:1      | Reached XP level 2. HP: 25/25 MP: 3/3
   177 | D:1      | Found a faded altar of an unknown god.
   299 | D:1      | Slain by a kobold

Illustrated notes

Levels and vault maps discovered:
D:1:      psy_arrival_dodecagon, layout_basic, basic_ecumenical_altar

Skill      XL: |  1 |
---------------+----+-----
Crossbows      | 2 |  2.9
Fighting       | |  1.0
Dodging        | |  1.5
Spellcasting   | |  1.0
Hexes          | |  3.0

Action                   || total
-------------------------++-------
 Fire: Hand crossbow     ||    34
 Abil: Spit Poison       ||     8
  Use: Scroll            ||     1
       Potion            ||     1
Armor: Robe              ||     2
Dodge: Dodged            ||     2

Table legend: (Time is in decaauts)
 A = Elapsed time spent in this place.
 B = Non-inter-level travel time spent in this place.
 C = Inter-level travel time spent in this place.
 D = Time resting spent in this place.
 E = Time spent auto-exploring this place.
 F = Levels seen in this place.
 G = Mean time per level.
                   A        B        C        D        E       F      G
               +--------+--------+--------+--------+--------+-----+--------+
         Total |    358 |    358 |      0 |    114 |    145 |   1 |  358.0 |
       Dungeon |    358 |    358 |      0 |    114 |    145 |   1 |  358.0 |
               +--------+--------+--------+--------+--------+-----+--------+

Top non-repeatable levels by time:
     D:1: 358 daAuts
